 Dungeon Crawl Stone Soup version 0.29-a0-8-g0446c0dae4 (console) character file.

Game seed: 12035222789890692033

19998 Melian the Severer (level 12, -4/137 HPs)
             Began as a Minotaur Berserker on Jan 27, 2022.
             Was a High Priest of Trog.
             Slain by a cane toad (13 damage)
             ... on level 2 of the Lair of Beasts.
             The game lasted 00:34:27 (13076 turns).

Melian the Severer (Minotaur Berserker)            Turns: 13076, Time: 00:34:28

Health: -4/137     AC: 10    Str: 27    XL:     12   Next: 41%
Magic:  9/9        EV:  8    Int:  4    God:    Trog [*****.]
Gold:   511        SH:  5    Dex: 10    Spells: 11/11 levels left

rFire   . . .      SeeInvis .   r - +2 hand axe (flame)
rCold   . . .      Faith    .   (no shield)
rNeg    + . .      Spirit   .   n - +0 plate armour
rPois   .          Reflect  +   (helmet restricted)
rElec   .          Harm     .   p - +0 cloak
rCorr   +          Rampage  .   H - +0 pair of gloves
Will    .....                   (no boots)
Stlth   ..........              B - amulet of reflection
HPRegen 0.32/turn               z - ring of positive energy
MPRegen 0.11/turn               x - ring of resist corrosion

@: lethally poisoned (-4 -> -15), on berserk cooldown, slowed, very slow
A: horns 2, retaliatory headbutt, deformed body, low mp 1, robust 1
a: Renounce Religion, Berserk, Trog's Hand, Brothers in Arms


You were on level 2 of the Lair of Beasts.
You worshipped Trog.
Trog was extremely pleased with you.
You visited 2 branches of the dungeon, and saw 13 of its levels.

You collected 889 gold pieces.
You spent 378 gold pieces at shops.

Inventory:

Hand Weapons
 r - a +2 hand axe of flaming (weapon)
 A - a +5 vampiric battleaxe
Missiles
 j - 17 boomerangs (quivered)
 y - 3 silver boomerangs
 C - a throwing net
Armour
 c - a +0 buckler
 m - a scarf of harm
 n - a +0 plate armour (worn)
 p - a +0 cloak (worn)
 H - a +0 pair of gloves (worn)
Jewellery
 k - an amulet of the acrobat
 x - a ring of resist corrosion (right hand)
 z - a ring of positive energy (left hand)
 B - an amulet of reflection (around neck)
 G - an amulet of faith
Wands
 g - a wand of charming (10)
 s - a wand of iceblast (5)
 t - a wand of mindburst (6)
 v - a wand of polymorph (13)
 w - a wand of acid (6)
Scrolls
 b - 8 scrolls of teleportation
 f - 2 scrolls of identify
 o - a scroll of enchant armour {unknown}
 u - 2 scrolls of magic mapping
 D - a scroll of holy word
 I - a scroll of enchant weapon
 L - a scroll of brand weapon
Potions
 a - a potion of cancellation
 d - 2 potions of heal wounds
 e - 3 potions of might
 h - 7 potions of curing
 i - a potion of resistance
 q - a potion of haste
 K - a potion of lignification
Miscellaneous
 l - a phial of floods
 E - a phantom mirror
 F - a piece from Xom's chessboard (15/15)
 J - a tin of tremorstones (2/2)


   Skills:
 + Level 17.0 Fighting
 + Level 17.0 Axes
 + Level 6.7 Armour
 - Level 2.4 Dodging


You had 11 spell levels left.
You didn't know any spells.
Your spell library was empty.

Dungeon Overview and Level Annotations

Branches:
Dungeon (11/15)            Temple (0/1) D:4            Lair (2/6) D:11
    Orc (0/2) D:9
  Swamp: Lair:2-4    Shoals: Lair:2-4     Snake: Lair:2-4    Spider: Lair:2-4

Altars:
Cheibriados
Dithmenos
Elyvilon
Gozag
Kikubaaqudgha
Makhleb
Uskayaw
Vehumet
Xom
Zin

Shops:
D:1 !(((*   D:7 (   D:9 [(

Portals:
Trove: D:10 (give 18 potions of curing)


Innate Abilities, Weirdness & Mutations

You have a pair of horns on your head.
You reflexively headbutt those who attack you in melee.
Armour fits poorly on your strangely shaped body.
Your magical capacity is low. (-10% MP)
You are robust. (+10% HP)


Message History

You feel a strong urge to attack something.
You slash the blink frog! You burn the blink frog.
The blink frog is almost dead.
You slash the blink frog! You burn the blink frog.
You kill the blink frog!
Trog accepts your kill.
Trog will now gift you melee weapons as you gain piety.
Your Fighting skill increases to level 17!
Your Axes skill increases to level 17!
You are no longer berserk.
You are exhausted.
You feel yourself slow down.
A cane toad comes into view.
The cane toad gives a loud, deep croak!
You hit the cane toad but do no damage. You block the cane toad's attack.
You hit the cane toad. You burn the cane toad.
The cane toad is lightly wounded.
You block the cane toad's attack.
You hit the cane toad but do no damage. Your headbutt misses the cane toad.
The cane toad is lightly wounded.
The cane toad stings you.
* * * LOW HITPOINT WARNING * * *
You are poisoned.
The cane toad poisons you!
You slash the cane toad! You burn the cane toad. You headbutt the cane toad!
The cane toad is heavily wounded.
You feel very sick. The cane toad stings you!!
* * * LOW HITPOINT WARNING * * *
You closely miss the cane toad. You headbutt the cane toad.
The cane toad is severely wounded.
* * * LOW HITPOINT WARNING * * *
You feel very sick. The cane toad barely misses you.
You hit the cane toad but do no damage.
The cane toad is severely wounded.
* * * LOW HITPOINT WARNING * * *
You feel very sick. The cane toad stings you!
You die...

#...P #.# #...P .... ..#
######...# .... ..##
..#P#.#....# ##..## #..#
..............####.##.###.##
≈≈.........................#
≈..........................#
≈≈≈≈≈...........†...........<#
.≈≈≈≈........†..@............#
>.≈≈≈...........F............#
≈≈≈≈≈≈........†...####...P#..#
≈≈≈≈≈.......(......##...####[##
≈≈≈≈...#.#.†.#....####...###..#
≈≈≈≈≈...##.#†##....###..###..##
≈........†...##...+........'..#
.......#......#...PP##..####.##
........#....##...####### ##.#
#......#..P.###...# #..##
.......##.P...#...# ######.P#


You could see a cane toad.

Vanquished Creatures
  Harold (D:8)
  A hydra (Lair:2)
  A boulder beetle (D:10)
  2 two-headed ogres
  An ugly thing (D:8)
  A black mamba (Lair:1)
  An unseen horror (D:11)
  2 cane toads (Lair:1)
  6 komodo dragons (Lair:1)
  A troll (D:6)
  A polar bear (Lair:1)
  A wind drake (shapeshifter) (D:10)
  A hornet (D:8)
  A meliai zombie (D:11)
  11 blink frogs (Lair:2)
  A slime creature (D:10)
  Grinder (D:3)
  2 wraiths
  Sigmund (D:7)
  3 vampires
  17 yaks
  4 wyverns (D:11)
  2 steam dragons
  Edmund (D:7)
  8 water moccasins
  2 sky beasts (D:6)
  An acid dragon (D:11)
  4 orc warriors
  4 black bears
  A hornet zombie (D:8)
  4 necrophages
  5 ogres
  12 wolves
  A centaur (D:8)
  A kobold brigand (D:10)
  5 bullfrogs
  2 wyvern zombies
  3 scorpions
  A water moccasin zombie (D:5)
  2 water moccasin skeletons (D:4)
  6 killer bees (D:8)
  4 wights (D:8)
  4 howler monkeys
  A crimson imp (D:8)
  4 centaur zombies
  3 orc priests
  5 hounds
  A jelly (D:6)
  A gnoll shaman (D:7)
  Jessica (D:2)
  Terence (D:2)
  A centaur skeleton (D:7)
  An iguana (D:11)
  9 orc wizards
  A hound skeleton (D:4)
  Robin (D:2)
  11 gnolls
  6 adders
  3 white imps
  3 ufetubi
  3 adder skeletons
  3 worms
  4 dart slugs
  36 orcs
  5 bats
  8 endoplasms
  4 giant cockroaches
  14 goblins
  6 hobgoblins
  9 kobolds
  3 quokkas
  8 ball pythons
  2 frilled lizards
  10 rats
302 creatures vanquished.

Vanquished Creatures (others)
  8 fungi
  20 plants
28 creatures vanquished.

Grand Total: 330 creatures vanquished

Notes
Turn   | Place    | Note
-------+----------+-------------------------------------------
     0 | D:1      | Melian the Minotaur Berserker began the quest for the Orb.
     0 | D:1      | Reached XP level 1. HP: 19/19 MP: 0/0
    24 | D:1      | Found Qulinuso's Antique Weapon Boutique.
   120 | D:1      | Found Gofam's Weapon Shop.
   128 | D:1      | Reached XP level 2. HP: 21/27 MP: 1/1
   330 | D:1      | Found Epnithon's Antique Weapon Boutique.
   335 | D:1      | Found Maamarr's Distillery.
   395 | D:1      | Found Giqiruv's General Store.
   529 | D:1      | Reached XP level 3. HP: 33/33 MP: 2/2
   690 | D:1      | Reached ** piety under Trog
   872 | D:2      | Noticed Robin
   880 | D:2      | Killed Robin
   883 | D:2      | Reached XP level 4. HP: 26/41 MP: 3/3
  1188 | D:2      | Found a faded altar of an unknown god.
  1199 | D:2      | Reached skill level 5 in Fighting
  1199 | D:2      | Reached skill level 5 in Axes
  1348 | D:2      | Noticed Jessica
  1350 | D:2      | Killed Jessica
  1427 | D:2      | Noticed Terence
  1430 | D:2      | Killed Terence
  1431 | D:2      | Reached XP level 5. HP: 48/48 MP: 4/4
  2193 | D:3      | Noticed Grinder
  2208 | D:3      | Paralysed by Grinder for 7 turns
  2217 | D:3      | Killed Grinder
  2218 | D:3      | Reached XP level 6. HP: 19/58 MP: 5/5
  2606 | D:4      | Reached *** piety under Trog
  2700 | D:4      | Found a staircase to the Ecumenical Temple.
  2800 | D:4      | Identified the +0 robe of Ennui {rCorr MP+9 Dex-5 Archmagi}
  2814 | D:4      | Reached XP level 7. HP: 60/66 MP: 6/6
  3206 | D:5      | Entered Level 5 of the Dungeon
  3463 | D:5      | Reached XP level 8. HP: 59/75 MP: 7/7
  3576 | D:5      | Found a shadowy altar of Dithmenos.
  4309 | D:6      | Reached **** piety under Trog
  4672 | D:6      | Found an ancient bone altar of Kikubaaqudgha.
  4873 | D:6      | Reached skill level 10 in Fighting
  4873 | D:6      | Reached skill level 10 in Axes
  5048 | D:6      | Noticed a troll
  5062 | D:6      | Killed a troll
  5063 | D:6      | Reached XP level 9. HP: 64/86 MP: 8/8
  5397 | D:7      | Gained mutation: Your magical capacity is low. (-10% MP)
                  | [potion of mutation]
  5397 | D:7      | Gained mutation: You are robust. (+10% HP) [potion of
                  | mutation]
  5397 | D:7      | Gained mutation: Armour fits poorly on your strangely
                  | shaped body. [potion of mutation]
  5518 | D:7      | Noticed Edmund
  5525 | D:7      | Killed Edmund
  5577 | D:7      | Noticed Sigmund
  5592 | D:7      | Killed Sigmund
  5811 | D:7      | Found a white marble altar of Elyvilon.
  5945 | D:7      | Found Olujeriju's Weapon Emporium.
  6081 | D:1      | Bought a +2 vampiric battleaxe for 378 gold pieces
  6849 | D:8      | Reached XP level 10. HP: 108/108 MP: 8/8
  6898 | D:8      | Paralysed by a hornet for 3 turns
  6904 | D:8      | Paralysed by a hornet for 1 turns
  7396 | D:8      | Found a shimmering altar of Xom.
  7499 | D:8      | Noticed a purple ugly thing
  7500 | D:8      | Noticed Harold
  7507 | D:8      | Killed a purple ugly thing
  7525 | D:8      | Killed Harold
  7714 | D:8      | Found a radiant altar of Vehumet.
  7714 | D:8      | Found a burning altar of Makhleb.
  8031 | D:9      | Found a hide-covered altar of Uskayaw.
  8284 | D:9      | Found an opulent altar of Gozag.
  8368 | D:9      | Found Epnar's Armour Boutique.
  8370 | D:9      | Found a staircase to the Orcish Mines.
  8371 | D:9      | Noticed a two-headed ogre
  8395 | D:9      | Killed a two-headed ogre
  8399 | D:9      | Found Kisy's Weapon Boutique.
  8606 | D:9      | Found a snail-covered altar of Cheibriados.
  8872 | D:10     | Entered Level 10 of the Dungeon
  8896 | D:10     | Found a portal to a secret trove of treasure.
  9223 | D:10     | Reached XP level 11. HP: 43/122 MP: 8/8
  9541 | D:10     | Found a glowing silver altar of Zin.
 10043 | D:10     | Noticed a boulder beetle
 10048 | D:10     | Killed a boulder beetle
 10099 | D:10     | Reached skill level 15 in Fighting
 10099 | D:10     | Reached skill level 15 in Axes
 10646 | D:11     | Noticed a two-headed ogre
 10653 | D:11     | Killed a two-headed ogre
 10716 | D:11     | Identified the +0 robe of Yschipp {rF- Regen+ rCorr Int+8}
 10919 | D:11     | Found a staircase to the Lair.
 11501 | Lair:1   | Entered Level 1 of the Lair of Beasts
 11750 | Lair:1   | Reached ***** piety under Trog
 11958 | Lair:1   | Reached XP level 12. HP: 135/135 MP: 9/9
 12084 | Lair:1   | Reached skill level 5 in Armour
 12947 | Lair:2   | Noticed a four-headed hydra
 12954 | Lair:2   | Killed a one-headed hydra
 13076 | Lair:2   | Slain by a cane toad

Illustrated notes

Levels and vault maps discovered:
D:1:      dpeg_arrival_stonehenge_12_columns, layout_rooms, serial_shops,
          nicolae_shop_behind_doors, shop, nicolae_shop_window_shopping,
          nicolae_diamond_shop, nicolae_shop_bloodbath_and_beyond,
          minmay_three_crescents
D:2:      layout_loops_cross, ebering_ecumenical_altar_abandoned, uniq_jessica,
          uniq_robin, uniq_terence
D:3:      layout_basic, uniq_grinder
D:4:      layout_loops_ring, minmay_temple_entry_ruins, minivault_25
D:5:      layout_loops_ring, kennysheep_mini
D:6:      layout_basic, nicolae_kikubaaqudgha_miasma_corner
D:7:      layout_cave_pools, mainiacjoe_overflow_concentric_impassable,
          fedhas_altar_3, serial_shops, shop_coins, sigmund_edmund_badplayer
D:8:      layout_gridville, grunt_temple_overflow_lords_of_destruction,
          mainiacjoe_overflow_catwalk, uniq_harold
D:9:      layout_loops_cross, nicolae_overflow_hidden_temple,
          mainiacjoe_overflow_24_doors, eat_drink_and_be_merry_uskayaw,
          mainiacjoe_overflow_six_doors_small, orc_david_3
D:10:     minmay_wavy_crystal, layout_basic, kennysheep_mini_moat, enter_trove_1
D:11:     layout_loops_cross, minmay_lair_entry_grove
Lair:1:   layout_small_grid, grunt_megastairs_5
Lair:2:   minmay_lair_venomous_thicket, layout_regular_city,
          minmay_snake_entry_spellcaster, mumra_transporter_accident,
          beast_lair_carwin_7, serial_bayou_shore_b, infiniplex_staircase_pool_2

Skill      XL: |  1  2  3  4  5  6  7  8  9 10 11 12 |
---------------+-------------------------------------+-----
Axes           | 4 5 6 7 8 10 12 14 16 17 | 17.0
Fighting       | 4 5 6 7 8 10 12 14 16 17 | 17.0
Armour         | 4 6 |  6.7
Dodging        | |  2.4

Action                   |  1- 3 |  4- 6 |  7- 9 | 10-12 || total
-------------------------+-------+-------+-------+-------++-------
Melee: Hand axe          |    69 |   113 |   212 |    35 ||   429
       Headbutt          |    11 |    17 |    44 |    73 ||   145
       Battleaxe         |       |       |    30 |   312 ||   342
Throw: Boomerang         |       |       |     3 |       ||     3
Invok: Berserk           |     1 |     2 |     5 |     3 ||    11
       Trog's Hand       |       |       |     1 |     1 ||     2
Evoke: Phial of floods   |       |       |       |     1 ||     1
  Use: Potion            |       |     1 |     2 |     6 ||     9
       Scroll            |       |       |     6 |    15 ||    21
Armor: Animal skin       |     9 |       |       |       ||     9
       Scale mail        |    13 |    20 |       |       ||    33
       Chain mail        |       |    17 |    86 |    16 ||   119
       Plate armour      |       |       |       |    79 ||    79
Dodge: Dodged            |    38 |    50 |   116 |   128 ||   332
Block: Buckler           |     6 |     3 |    19 |       ||    28
       Other             |       |       |       |    39 ||    39

Table legend: (Time is in decaauts)
 A = Elapsed time spent in this place.
 B = Non-inter-level travel time spent in this place.
 C = Inter-level travel time spent in this place.
 D = Time resting spent in this place.
 E = Time spent auto-exploring this place.
 F = Levels seen in this place.
 G = Mean time per level.
                   A        B        C        D        E       F      G
               +--------+--------+--------+--------+--------+-----+--------+
         Total |  13169 |  12510 |    659 |      0 |   9717 |  13 | 1013.0 |
       Dungeon |  11605 |  10984 |    621 |      0 |   8497 |  11 | 1055.0 |
          Lair |   1564 |   1526 |     38 |      0 |   1220 |   2 |  782.0 |
               +--------+--------+--------+--------+--------+-----+--------+

Top non-repeatable levels by time:
     D:8: 1849 daAuts
    D:10: 1445 daAuts
  Lair:1: 1313 daAuts
    D:11: 1193 daAuts
     D:6: 1134 daAuts
     D:5: 1036 daAuts
     D:2: 1026 daAuts
     D:1: 925 daAuts
     D:9: 840 daAuts
     D:3: 800 daAuts
     D:4: 691 daAuts
     D:7: 664 daAuts
  Lair:2: 250 daAuts
